Map: Ley Lines

Players

KimChiLoVer - Winner!

  • Race: Terran Terran
  • Spawn Location: 7:00

VOD

Have the link to the VOD?

Description

Time

  • Played on: Aug. 16, 2025, 5:46 p.m.
  • Length: 10:16
Show
View Real Time Build Order
Export as new Build Order

KimChiLoVer Terran - Winner!

Build Orders: Reaper Expand 

Get SALT Encoding   

  12  0:02  SCV  
  12  0:14  SCV  
  12  0:18  Supply Depot  
  12  0:26  SCV  
  12  0:39  SCV  
  12  0:40  Barracks  
  12  0:45  Refinery  
  12  0:51  SCV  
  12  1:03  SCV  
  12  1:15  SCV  
  12  1:27  Orbital Command  
  12  1:29  Reaper  
  12  1:39  Command Center  
  12  1:49  Supply Depot  
  12  1:54  SCV  
  12  2:03  Marine  
  12  2:04  Factory  
  12  2:10  SCV  
  12  2:12  Refinery  
  12  2:22  Barracks Reactor  
  12  2:27  Barracks  
  12  2:31  Barracks  
  12  2:36  SCV  
  12  2:48  SCV, Factory Tech Lab  
  12  3:00  SCV, Orbital Command  
  12  3:12  SCV  
  12  3:22  Command Center  
  12  3:24  SCV  
  12  3:27  Stimpack  
  12  3:30  Marine  
  12  3:37  Marine x2  
  12  3:43  Starport  
  12  3:45  Factory Reactor  
  12  3:49  Marine  
  12  3:51  SCV  
  12  3:56  Engineering Bay  
  12  4:01  Engineering Bay  
  12  4:04  SCV  
  12  4:05  SCV  
  12  4:12  Supply Depot  
  12  4:16  SCV, Marine  
  12  4:18  SCV  
  12  4:23  Barracks  
  12  4:31  SCV, Factory Tech Lab  
  12  4:32  Medivac  
  12  4:35  Medivac  
  12  4:40  Barracks  
  12  4:43  SCV  
  12  4:46  Orbital Command  
  12  4:50  Terran Infantry Weapons Level 1  
  12  4:54  Terran Infantry Armor Level 1  
  12  4:59  SCV  
  12  5:00  SCV  
  12  5:06  Barracks Tech Lab  
  12  5:08  Medivac  
  12  5:09  Orbital Command  
  12  5:12  SCV, Refinery  
  12  5:19  SCV  
  12  5:22  Supply Depot  
  12  5:24  SCV  
  12  5:25  Siege Tank  
  12  5:28  Refinery  
  12  5:39  Barracks Tech Lab  
  12  5:40  Marine x4  
  12  5:41  Marine  
  12  5:42  SCV  
  12  5:44  Medivac  
  12  5:51  SCV x2  
  12  5:55  Supply Depot  
  12  6:02  Armory  
  12  6:03  SCV, Siege Tank  
  12  6:04  SCV  
  12  6:05  SCV  
  12  6:08  Marine  
  12  6:13  Marine  
  12  6:15  Barracks Reactor  
  12  6:16  Marine x3  
  12  6:17  Combat Shield  
  12  6:25  Barracks  
  12  6:26  Marine  
  12  6:28  Barracks  
  12  6:29  Supply Depot  
  12  6:31  SCV x2  
  12  6:40  SCV, Barracks  
  12  6:42  Refinery  
  12  6:43  SCV x2  
  12  6:50  Terran Infantry Weapons Level 2, Terran Infantry Armor Level 2  
  12  6:52  SCV  
  12  6:54  Supply Depot  
  12  6:55  SCV  
  12  7:02  SCV  
  12  7:06  Command Center  
  12  7:07  SCV  
  12  7:10  Siege Tank  
  12  7:12  Viking  
  12  7:13  Viking  
  12  7:20  Barracks Tech Lab  
  12  7:21  SCV  
  12  7:23  SCV x2  
  12  7:29  Supply Depot  
  12  7:30  Barracks Reactor  
  12  7:33  SCV  
  12  7:35  SCV  
  12  7:37  Starport  
  12  7:46  Terran Vehicle And Ship Armor Level 1  
  12  7:49  Barracks Tech Lab  
  12  7:53  Marauder, Marine x3  
  12  7:54  Marauder, Marine x2  
  12  7:55  Medivac  
  12  7:58  SCV  
  12  7:59  SCV x2  
  12  8:05  Supply Depot  
  12  8:06  Concussive Shells  
  12  8:07  Marauder, Marine x3  
  12  8:11  SCV  
  12  8:13  Refinery  
  12  8:15  Starport Reactor  
  12  8:17  Marine x6  
  12  8:18  SCV x2  
  12  8:22  Marauder, Supply Depot  
  12  8:23  SCV  
  12  8:25  Siege Tank, Marine x2  
  12  8:26  Marauder  
  12  8:28  Marine  
  12  8:35  Marine x2, Supply Depot  
  12  8:36  SCV  
  12  8:42  Viking x2  
  12  8:44  Marauder  
  12  8:45  Marauder x2, Marine x2  
  12  8:46  Marine  
  12  8:53  Orbital Command  
  12  8:55  Marine  
  12  8:56  Marine x3  
  12  8:59  Supply Depot  
  12  9:04  SCV x2  
  12  9:05  SCV  
  12  9:09  Supply Depot  
  12  9:12  Marine x3  
  12  9:16  SCV  
  12  9:22  Medivac, Viking  
  12  9:24  Medivac, Viking  
  12  9:26  Marauder, Marine  
  12  9:32  SCV x2  
  12  9:33  SCV x2  
  12  9:36  Marine x5  
  12  9:37  Marine  
  12  9:43  Marauder x2  
  12  9:47  Supply Depot  
  12  9:53  Marine  
Tags
 
Add a new tag
Caveats
  • Supply blocks, unpowered buildings, or Contaminate may cause inaccurate times.
  • Supply counts are checked every 10 seconds.